 Dungeon Crawl Stone Soup version 0.22-a0-307-g2b15929 (webtiles) character file.

9556 xccam the Cleaver (level 11, -2/87 HPs)
             Began as a Formicid Fighter on Apr 1, 2018.
             Was a Believer of Cheibriados.
             Slain by a two-headed ogre
             ... wielding a +0 giant club
              (10 damage)
             ... on level 11 of the Dungeon.
             The game lasted 00:25:58 (9058 turns).

xccam the Cleaver (Formicid Fighter)                Turns: 9058, Time: 00:25:58

Health: -2/87      AC: 22    Str: 25    XL:     11   Next: 76%
Magic:  10/13      EV: 19    Int: 14    God:    Cheibriados [**....]
Gold:   219        SH: 13    Dex: 25    Spells: 10/10 levels left

rFire    . . .     SeeInvis +   a - +0 war axe
rCold    + + .     Gourm    .   c - +0 shield
rNeg     . . .     Faith    .   l - +3 chain mail
rPois    .         Spirit   .   (helmet unavailable)
rElec    .         Reflect  .   F - +2 cloak "Ejiela" {Int+2}
rCorr    .         Harm     .   q - +2 pair of gloves
MR       ++...                  I - +0 pair of boots of Grace {rC++ MR+ Str-4 Dex+4} (curse)
Stlth    ..........             (no amulet)
HPRegen  0.24/turn              (no ring)
MPRegen  0.13/turn              (no ring)

@: agile, very slow
A: permanent stasis, dig shafts and tunnels, four strong arms, antennae 3
a: Dig, Shaft Self, Bend Time, Renounce Religion


You were on level 11 of the Dungeon.
You worshipped Cheibriados.
Cheibriados was pleased with you.
You were not hungry.

You visited 2 branches of the dungeon, and saw 12 of its levels.
You also visited: Ossuary.

You collected 603 gold pieces.
You spent 384 gold pieces at shops.

Inventory:

Hand Weapons
 a - a +0 war axe (weapon)
Armour
 c - a +0 shield (worn)
 l - a +3 chain mail (worn)
 q - a +2 pair of gloves (worn)
 t - a scarf of cloud immunity
 y - a +0 plate armour
 F - the +2 cloak "Ejiela" (worn) {Int+2}
   (You found it on level 11 of the Dungeon)

   It affects your intelligence (+2).
 I - the cursed +0 pair of boots of Grace (worn) {rC++ MR+ Str-4 Dex+4}
   (You found it on level 10 of the Dungeon)

   It affects your strength (-4).
   It affects your dexterity (+4).
   It greatly protects you from cold.
   It affects your resistance to hostile enchantments.
   It has a curse placed upon it.
Jewellery
 k - an uncursed ring of wizardry {unknown}
 r - an uncursed ring of fire
Wands
 m - a wand of paralysis (13)
 u - a wand of digging (15)
 x - a wand of flame (41)
Scrolls
 h - 4 scrolls of magic mapping
 i - 4 scrolls of remove curse
 n - a scroll of identify
 p - a scroll of fear
 v - 3 scrolls of immolation
 z - a scroll of enchant weapon {unknown}
 A - 2 scrolls of amnesia {unknown}
 B - a scroll of noise {unknown}
 D - 2 scrolls of random uselessness {unknown}
 H - a scroll of enchant armour {unknown}
Potions
 d - 2 potions of mutation
 e - 3 potions of brilliance
 j - a potion of resistance
 o - 7 potions of curing
 s - 7 potions of lignification
 w - 4 potions of flight
 C - a potion of invisibility
 G - 2 potions of agility
Comestibles
 f - 24 rations
 g - 5 chunks of flesh


   Skills:
 - Level 8.5 Fighting
 + Level 10.3 Axes
 - Level 8.5 Armour
 - Level 6.3 Dodging
 - Level 9.4 Shields
 + Level 3.1 Invocations


You had 10 spell levels left.
You didn't know any spells.

Dungeon Overview and Level Annotations

Branches:
Dungeon (11/15)            Temple (1/1) D:4            Lair (0/6) D:9
    Orc: D:9-12

Altars:
Ashenzari
Cheibriados
Dithmenos
Elyvilon
Fedhas
Gozag
Hepliaklqana
Kikubaaqudgha
Makhleb
Nemelex Xobeh
Okawaru
Qazlal
Ru
Sif Muna
Trog
Uskayaw
Vehumet
Wu Jian
Xom
Yredelemnul
Zin
The Shining One

Shops:
D:8 !}(   D:10 [


Innate Abilities, Weirdness & Mutations

You cannot be hasted, slowed, berserked, paralysed or teleported.
You can dig through walls and to a lower floor.
Your four strong arms can wield two-handed weapons with a shield.
You have a pair of large antennae on your head. (SInv)


Message History

You barely miss the two-headed ogre. The two-headed ogre barely misses you.
You block the two-headed ogre's attack.
You hit the two-headed ogre.
The two-headed ogre is lightly wounded.
You completely miss the two-headed ogre.
The two-headed ogre is lightly wounded.
The two-headed ogre hits you with a giant club!
* * * LOW HITPOINT WARNING * * *
The two-headed ogre hits you with a giant club!
* * * LOW HITPOINT WARNING * * *
You feel agile all of a sudden. The two-headed ogre closely misses you.
The two-headed ogre hits you but does no damage.
Things that are here:
2 potions of berserk rage; a potion of haste The flow of time bends around you.
Cheibriados rebukes the two-headed ogre.
The two-headed ogre seems to slow down.
You feel slightly more hungry.
The two-headed ogre hits you with a giant club!
You die...

.. .. #' { ##
#.## ##..### #..#
....... ##.######
.......####
#.......#
.......)O.##
#.)....!# ###
.......##@.#
#.......# #..
$...... ##.#
#.......# #.#
.......
#.###.......###.#
.......
#>.##.......#...#
.......
##.##.........###
....%..
#.##.......###
.......
#..........#
####.......#
##..#####


You could see a two-headed ogre.

Vanquished Creatures
  4 two-headed ogres
  A deep elf mage (D:11)
  A cyclops (D:8)
  Joseph (D:7)
  A gargoyle (D:10)
  A troll (D:10)
  Grinder (D:3)
  A hippogriff (D:9)
  Sigmund (D:3)
  A wraith (D:10)
  A yak (D:7)
  3 hogs (D:7)
  A human (D:7)
  Menkaure (D:7)
  2 wargs (D:9)
  A soldier ant (D:11)
  2 phantoms
  2 ice beasts
  2 orc warriors
  2 ogres
  A necrophage (D:5)
  6 centaurs
  A big kobold (D:6)
  2 bullfrogs
  3 scorpions
  8 wights
  11 killer bees
  2 crimson imps
  4 orc priests
  5 hounds
  A centaur skeleton (D:10)
  A gnoll shaman (D:10)
  An iguana (D:6)
  11 orc wizards
  5 worker ants
  A hound zombie (D:8)
  3 mummies (Ossuary)
  A worker ant zombie (D:10)
  8 gnolls
  14 adders
  A howler monkey skeleton (D:6)
  2 shadow imps
  2 oozes
  An adder skeleton (D:6)
  3 worms
  4 dart slugs
  A leopard gecko (D:7)
  16 orcs
  4 ball pythons
  6 giant cockroaches
  3 hobgoblins
  10 jackals
  7 kobolds
  A quokka (D:3)
  5 bats
  8 frilled lizards
  3 gnoll skeletons (Ossuary)
  7 gnoll zombies (Ossuary)
  6 goblins
  2 goblin skeletons (Ossuary)
  4 goblin zombies (Ossuary)
  3 hobgoblin zombies (Ossuary)
  4 kobold skeletons (Ossuary)
  3 kobold zombies (Ossuary)
  An orc skeleton (Ossuary)
  An orc zombie (Ossuary)
  2 quokka skeletons
  4 rats
  A rat skeleton (Ossuary)
  A rat zombie (Ossuary)
235 creatures vanquished.

Vanquished Creatures (others)
  A mummy (Ossuary)
  2 gnoll skeletons (Ossuary)
  3 goblin skeletons (Ossuary)
  2 goblin zombies (Ossuary)
  3 hobgoblin skeletons (Ossuary)
  A kobold skeleton (Ossuary)
  3 kobold zombies (Ossuary)
  4 orc skeletons (Ossuary)
  An orc zombie (Ossuary)
  A rat skeleton (Ossuary)
21 creatures vanquished.

Grand Total: 256 creatures vanquished

Notes
Turn   | Place    | Note
-------+----------+-------------------------------------------
     0 | D:1      | xccam the Formicid Fighter began the quest for the Orb.
     0 | D:1      | Reached XP level 1. HP: 18/18 MP: 1/1
   176 | D:1      | Reached XP level 2. HP: 24/24 MP: 2/2
   189 | D:1      | Reached skill level 3 in Axes
   334 | D:1      | Reached XP level 3. HP: 21/29 MP: 3/3
  1163 | D:2      | Reached skill level 4 in Axes
  1163 | D:2      | Reached XP level 4. HP: 32/35 MP: 4/4
  1320 | D:3      | Noticed Grinder
  1324 | D:3      | Reached XP level 5. HP: 35/41 MP: 5/5
  1330 | D:3      | Reached skill level 5 in Axes
  1341 | D:3      | Killed Grinder
  1341 | D:3      | Reached skill level 6 in Axes
  1341 | D:3      | Reached XP level 6. HP: 21/47 MP: 6/6
  1414 | D:3      | Noticed Sigmund
  1441 | D:3      | Killed Sigmund
  1441 | D:3      | Reached skill level 7 in Axes
  1441 | D:3      | Reached XP level 7. HP: 40/52 MP: 7/7
  1682 | D:3      | Found a stormy altar of Qazlal.
  2166 | D:4      | Reached skill level 8 in Axes
  2218 | D:4      | Found a sparkling altar of Nemelex Xobeh.
  2252 | D:4      | Reached XP level 8. HP: 25/58 MP: 8/8
  2260 | D:4      | Reached skill level 9 in Axes
  2665 | D:4      | Found a staircase to the Ecumenical Temple.
  2678 | Temple   | Entered the Ecumenical Temple
  3061 | D:5      | Entered Level 5 of the Dungeon
  3197 | D:5      | Found an opulent altar of Gozag.
  3368 | D:5      | Found a deep blue altar of Sif Muna.
  3543 | D:6      | Reached skill level 10 in Axes
  3775 | D:6      | Reached skill level 5 in Shields
  3810 | D:6      | Reached XP level 9. HP: 59/64 MP: 9/9
  3883 | D:6      | Found a shadowy altar of Dithmenos.
  4505 | D:6      | Found a burning altar of Makhleb.
  4507 | D:6      | Found an ornate altar of the Wu Jian Council.
  4631 | D:7      | Found a sand-covered staircase.
  4652 | Ossuary  | Entered an ossuary
  5034 | D:7      | Noticed Menkaure
  5040 | D:7      | Killed Menkaure
  5106 | D:7      | Noticed Joseph
  5133 | D:7      | Killed Joseph
  5140 | D:7      | Reached skill level 1 in Dodging
  5162 | D:7      | Reached XP level 10. HP: 30/73 MP: 10/10
  5391 | D:7      | Found an iron altar of Okawaru.
  6095 | D:8      | Found Veif's Antique Weapon Emporium.
  6156 | D:8      | Found Lanny's Gadget Emporium.
  6169 | D:8      | Reached skill level 5 in Fighting
  6169 | D:8      | Reached skill level 5 in Armour
  6194 | D:8      | Found Kiaph's Distillery.
  6199 | D:8      | Bought a potion of curing for 39 gold pieces
  6199 | D:8      | Bought a potion of agility for 52 gold pieces
  6199 | D:8      | Bought a potion of heal wounds for 65 gold pieces
  6199 | D:8      | Bought a potion of curing for 39 gold pieces
  6199 | D:8      | Bought a potion of curing for 39 gold pieces
  6287 | D:8      | Noticed a cyclops
  6298 | D:8      | Killed a cyclops
  6784 | D:9      | Found a snail-covered altar of Cheibriados.
  6785 | D:9      | Found a glowing golden altar of the Shining One.
  6788 | D:9      | Found a shattered altar of Ashenzari.
  6792 | D:9      | Became a worshipper of Cheibriados the Contemplative
  7083 | D:9      | Found a staircase to the Lair.
  7165 | D:9      | Noticed a two-headed ogre
  7367 | D:9      | Found a sacrificial altar of Ru.
  7367 | D:9      | Found a bloodstained altar of Trog.
  7410 | D:9      | Reached * piety under Cheibriados
  7440 | D:9      | Killed a two-headed ogre
  7440 | D:9      | Reached skill level 5 in Dodging
  7440 | D:9      | Reached XP level 11. HP: 19/84 MP: 11/11
  7848 | D:10     | Entered Level 10 of the Dungeon
  7880 | D:10     | Found Aquoshroff's Antique Armour Boutique.
  7887 | D:10     | Bought a pair of glowing gloves for 150 gold pieces
  7917 | D:10     | Noticed a two-headed ogre
  7931 | D:10     | Killed a two-headed ogre
  7958 | D:10     | Got a pair of encrusted boots
  7969 | D:10     | Identified the cursed +0 pair of boots of Grace {rC++ MR+ Str-4 Dex+4} (You found it on level 10 of the Dungeon)
  8047 | D:10     | Noticed a two-headed ogre
  8063 | D:10     | Killed a two-headed ogre
  8673 | D:10     | Reached ** piety under Cheibriados
  8978 | D:11     | Got a transparent cloak
  8995 | D:11     | Reached skill level 1 in Invocations
  9006 | D:11     | Identified the +2 cloak "Ejiela" {Int+2} (You found it on level 11 of the Dungeon)
  9009 | D:11     | Noticed a two-headed ogre
  9017 | D:11     | Killed a two-headed ogre
  9038 | D:11     | Noticed a deep elf mage
  9039 | D:11     | Noticed a two-headed ogre
  9051 | D:11     | Killed a deep elf mage
  9058 | D:11     | Slain by a two-headed ogre

Vault maps used:
D:1:      onia_arrival_larder, minmay_pentomino_t2
D:2:      serial_forest, infiniplex_forest_lined_corner,
          infiniplex_forest_straight_3, infiniplex_forest_corner_2,
          infiniplex_forest_clump_small, infiniplex_forest_side_room,
          infiniplex_forest_straight_4, minmay_crystal_room,
          kennysheep_generic_room_9
D:3:      lemuel_coloured_pillars_altar, minivault_27, minivault_23,
          uniq_sigmund, uniq_grinder
D:4:      lemuel_doored_altar, temple_statues, minmay_misc_feat_encased,
          minivault_26, minmay_a_box_with_orc_wizards_in_it
D:5:      lemuel_blue_sif_altar, first_ration, nicolae_gozag_seed_capital
D:6:      grunt_temple_overflow_open
D:7:      marbit_many_paths, nicolae_ossuary_entry_false_entrances,
          grunt_livestock, uniq_menkaure, uniq_joseph
D:8:      serial_shops, shop, kennysheep_little_box, nicolae_shop_behind_doors
D:9:      gammafunk_temple_overflow_forgotten, gammafunk_temple_overflow_pools,
          erik_lair_orcish_takeover
D:10:     serial_shops, nicolae_shop_window_shopping, kennysheep_potato
D:11:     orc_0_dummy, minmay_protected_statue, uniq_grum
Temple:   jpeg_temple_alley_garden
Ossuary:  ossuary_due_pyramid

Skill      XL: |  1  2  3  4  5  6  7  8  9 10 11 |
---------------+----------------------------------+-----
Axes           | 3 4 6 7 8 10 | 10.3
Shields        | 5 9 |  9.4
Dodging        | 2 5 6 |  6.3
Fighting       | 4 7 8 |  8.5
Armour         | 4 7 8 |  8.5
Invocations    | 3 |  3.1

Action                   |  1- 3 |  4- 6 |  7- 9 | 10-12 || total
-------------------------+-------+-------+-------+-------++-------
Melee: War axe           |    81 |    65 |   423 |   400 ||   969
Invok: Bend Time         |       |       |       |     1 ||     1
 Abil: Dig               |       |       |     1 |       ||     1
Evoke: Wand              |       |       |       |     3 ||     3
  Use: Scroll            |     1 |       |       |     9 ||    10
       Potion            |       |     1 |    10 |     7 ||    18
  Eat: Chunk             |     1 |     1 |    11 |     2 ||    15
       Ration            |       |       |     1 |     2 ||     3
Armor: Scale mail        |    28 |     3 |       |       ||    31
       Chain mail        |       |    29 |   168 |   122 ||   319
       Skin              |       |       |    25 |    39 ||    64
Dodge: Dodged            |    28 |    15 |    69 |   146 ||   258
Block: Shield            |    44 |    33 |   192 |   259 ||   528

Table legend:
 A = Spawn XP
 B = Non-spawn XP
 C = Spawn XP percentage of total XP
 D = Spawn monster count
 E = Non-spawn monster count
 F = Spawn count percentage of total count
 G = Total turns spent on level
                    A         B        C        D         E        F      G
               +---------+---------+-------+---------+---------+-------+---------
         Total |       0 |   13652 |   0.0 |       0 |     230 |   0.0 |  9058
               +---------+---------+-------+---------+---------+-------+---------
           D:1 |       0 |      34 |   0.0 |       0 |      18 |   0.0 |   857
           D:2 |       0 |      59 |   0.0 |       0 |      12 |   0.0 |   385
           D:3 |       0 |     660 |   0.0 |       0 |      35 |   0.0 |   775
           D:4 |       0 |     584 |   0.0 |       0 |      24 |   0.0 |   815
           D:5 |       0 |     323 |   0.0 |       0 |       5 |   0.0 |   455
           D:6 |       0 |     562 |   0.0 |       0 |      16 |   0.0 |  1070
           D:7 |       0 |    2065 |   0.0 |       0 |      21 |   0.0 |  1153
           D:8 |       0 |    1231 |   0.0 |       0 |      17 |   0.0 |   701
           D:9 |       0 |    2491 |   0.0 |       0 |      21 |   0.0 |  1094
          D:10 |       0 |    3865 |   0.0 |       0 |      29 |   0.0 |  1097
          D:11 |       0 |    1716 |   0.0 |       0 |       4 |   0.0 |   113
       Ossuary |       0 |      62 |   0.0 |       0 |      28 |   0.0 |   314
               +---------+---------+-------+---------+---------+-------+---------
